 Dungeon Crawl Stone Soup version 0.25.0-17-g773c8c6189 (webtiles) character file.

Game seed: 15371498945676986314

318 Peloso the Slasher (level 6, 0/47 HPs)
             Began as a Demonspawn Fighter on June 30, 2020.
             Slain by an ogre
             ... wielding a +0 giant club
              (17 damage)
             ... on level 4 of the Dungeon.
             The game lasted 00:05:36 (3509 turns).

Peloso the Slasher (Demonspawn Fighter)             Turns: 3509, Time: 00:05:36

Health: 0/47       AC:  9    Str: 16 (18) XL:     6   Next: 21%
Magic:  6/6        EV:  7    Int: 13 (15) God:
Gold:   189        SH:  9    Dex: 11 (13) Spells: 5/5 levels left

rFire    + . .     SeeInvis .   a - +0 long sword
rCold    . . .     Gourm    .   c - +0 kite shield
rNeg     . . .     Faith    .   b - +0 scale mail
rPois    .         Spirit   .   (no helmet)
rElec    .         Reflect  .   (no cloak)
rCorr    .         Harm     .   (no gloves)
MR       .....                  (no boots)
Stlth    ..........             (no amulet)
HPRegen  0.15/turn              j - ring of protection from fire
MPRegen  0.10/turn              m - +6 ring of intelligence

@: no status effects
A: claws 2, icy blue scales 1, spiny 1
a: no special abilities


You were on level 4 of the Dungeon.
You were hungry.

You visited 1 branch of the dungeon, and saw 4 of its levels.

You collected 189 gold pieces.

Inventory:

Hand Weapons
 a - a +0 long sword (weapon)
Armour
 b - a +0 scale mail (worn)
 c - a +0 kite shield (worn)
Jewellery
 j - a ring of protection from fire (left claw)
 l - a +4 ring of protection {unknown}
 m - a +6 ring of intelligence (right claw)
Scrolls
 e - a scroll of enchant weapon {unknown}
 g - 3 scrolls of teleportation
 i - a scroll of remove curse {unknown}
 o - 6 scrolls of identify
 p - a scroll of magic mapping {unknown}
Potions
 d - a potion of might
 k - a potion of curing
 n - a potion of heal wounds
Comestibles
 f - 5 rations
 h - 11 chunks of flesh


   Skills:
 + Level 3.5 Fighting
 + Level 3.8 Long Blades
 + Level 3.8 Armour
 + Level 0.8 Dodging
 + Level 1.2 Stealth
 + Level 3.7 Shields


You had 5 spell levels left.
You didn't know any spells.
Your spell library contained the following spells:

 Spells                   Type           Power        Failure   Level  Hunger
 Confusing Touch          Hex            #.......     100%        3    ####...
 Gell's Gravitas          Tloc           #.........   100%        3    ####...
 Petrify                  Tmut/Erth      #.......     100%        4    #####..
 Metabolic Englaciation   Hex/Ice        #.........   100%        5    ######.
 Yara's Violent Unravell  Hex/Tmut       #.........   100%        5    ######.


Dungeon Overview and Level Annotations

Branches:
Dungeon (4/15)
 Temple: D:4-7

Altars:
Ashenzari
Kikubaaqudgha

Shops:
D:4 *

Annotations:
D:4 2 transporters


Innate Abilities, Weirdness & Mutations

You have very sharp fingernails.
You are partially covered in icy blue scales. (AC +2)
You are partially covered in sharp spines.


Message History

The ogre is struck by your spines. The ogre hits you but does no damage.
You closely miss the phantom. You block the phantom's attack.
The ogre hits you with a +0 giant club!!
You block the phantom's attack.
You hit the ogre.
The ogre is moderately wounded.
You block the ogre's attack. The phantom is struck by your spines.
The phantom hits you.
The phantom blinks!
Unknown command.
Your shield prevents you from hitting the ogre.
The ogre is moderately wounded.
You block the ogre's attack.
Unknown command.
You closely miss the ogre.
The ogre is moderately wounded.
You block the ogre's attack.
You slash the ogre!
The ogre is heavily wounded.
The ogre is struck by your spines. The ogre hits you with a +0 giant club!
You die...

....!.........#
........<..O..#
#### #'##
##...##..###+## .
...W....(.....#
...............#
#.######.W##...#
###.##..##..######
........@........#
........#O.......#
###'##..#######..#
#.##..# .# .#
..(..+.....#.... #
.....#.....'.....
....#.....#.....
#..##'######...#
#..##.....######


You could see a phantom and an ogre.

Vanquished Creatures
  An orc priest (D:3)
  Jessica (D:2)
  Natasha (D:1)
  2 orc wizards (D:4)
  7 adders
  3 gnolls (D:1)
  4 worms
  4 leopard geckos
  6 orcs
  3 giant cockroaches
  6 goblins
  3 hobgoblins (D:1)
  15 jackals
  2 quokkas
  7 bats
  A frilled lizard (D:3)
  3 kobolds
  6 rats
75 creatures vanquished.

Notes
Turn   | Place    | Note
-------+----------+-------------------------------------------
     0 | D:1      | Peloso the Demonspawn Fighter began the quest for the Orb.
     0 | D:1      | Reached XP level 1. HP: 18/18 MP: 1/1
   317 | D:1      | Gained mutation: You are partially covered in sharp spines.
                  | [demonic ancestry]
   317 | D:1      | Reached XP level 2. HP: 17/24 MP: 2/2
   826 | D:1      | Gained mutation: You have sharp fingernails. [demonic
                  | ancestry]
   826 | D:1      | Reached XP level 3. HP: 28/29 MP: 3/3
  1610 | D:2      | Noticed Natasha
  1717 | D:2      | Reached XP level 4. HP: 35/35 MP: 4/4
  1725 | D:1      | Killed Natasha
  2246 | D:2      | Noticed Jessica
  2258 | D:2      | Killed Jessica
  2258 | D:2      | Gained mutation: You have very sharp fingernails. [demonic
                  | ancestry]
  2258 | D:2      | Reached XP level 5. HP: 41/41 MP: 5/5
  2606 | D:3      | Reached skill level 1 in Stealth
  2863 | D:3      | Found an ancient bone altar of Kikubaaqudgha.
  2863 | D:3      | Found a shattered altar of Ashenzari.
  3130 | D:3      | Found a faded altar of an unknown god.
  3315 | D:4      | Found Egey's Assorted Antiques.
  3317 | D:4      | Found a transporter.
  3386 | D:4      | Found a transporter.
  3432 | D:4      | Gained mutation: You are partially covered in icy blue
                  | scales. (AC +2) [demonic ancestry]
  3432 | D:4      | Reached XP level 6. HP: 45/47 MP: 6/6
  3509 | D:4      | Slain by an ogre

Illustrated notes

Levels and vault maps discovered:
D:1:      scummos_arrival_hexagon, layout_loops_corners,
          chequers_decorated_corner
D:2:      layout_rooms, uniq_jessica, uniq_natasha
D:3:      layout_loops_ring, gammafunk_temple_overflow_wave,
          chequers_ecumenical_altar_grove
D:4:      gammafunk_steamed_eel, layout_gridville, trog_eyes_of_draining,
          serial_shops, nicolae_shop_waterfront, first_ration, uniq_edmund

Skill      XL: |  1  2  3  4  5 |
---------------+----------------+-----
Armour         | 3 |  3.8
Long Blades    | 2 3 |  3.8
Shields        | 3 |  3.7
Stealth        | 1 |  1.2
Fighting       | |  3.5
Dodging        | |  0.8

Action                   |  1- 3 |  4- 6 || total
-------------------------+-------+-------++-------
Melee: Long sword        |    92 |   123 ||   215
  Use: Potion            |       |     7 ||     7
       Scroll            |       |     3 ||     3
  Eat: Chunk             |     3 |     5 ||     8
Armor: Scale mail        |    52 |    41 ||    93
Dodge: Dodged            |    34 |    32 ||    66
Block: Kite shield       |    65 |    66 ||   131
       Rpst.: Long sword |    11 |    10 ||    21
